 Dungeon Crawl Stone Soup version 0.13-a0-3153-g497d563 (webtiles) character file.

271 Kae the Ruinous (level 4, -5/24 HPs)
             Began as a Tengu Fire Elementalist on Sept 23, 2013.
             Slain by Crazy Yiuf
             ... wielding a +2,+3 quarterstaff of chaos
              (11 damage)
             ... on Level 3 of the Dungeon.
             The game lasted 00:06:36 (3109 turns).

Kae the Ruinous (Tengu Fire Elementalist)           Turns: 3109, Time: 00:06:38

HP  -5/24        AC  2     Str  9      XL: 4   Next: 79%
MP   2/8         EV 12     Int 16      God:
Gold 168         SH  0     Dex 14      Spells:  1 memorised,  5 levels left

Res.Fire  : . . .   See Invis. : .   (no weapon)
Res.Cold  : . . .   Warding    : .   a - +0 robe
Life Prot.: . . .   Conserve   : .   (no shield)
Res.Poison: .       Res.Corr.  : .   (helmet restricted)
Res.Elec. : .       Clarity    : .   (no cloak)
Sust.Abil.: . .     Spirit.Shd : .   (no gloves)
Res.Mut.  : .       Stasis     : .   (boots unavailable)
Res.Rott. : .       Flight     : .   (no amulet)
Saprovore : . . .                    (no ring)
                                     (no ring)

@: mildly poisoned, slightly resistant to hostile enchantments, fairly stealthy
A: beak, talons 3
a: no special abilities


You were on level 3 of the Dungeon.
You were very hungry.

You visited 1 branch of the dungeon, and saw 3 of its levels.

You collected 148 gold pieces.

Inventory:

Missiles
 i - 98 darts (quivered)
Armour
 a - a +0 robe (worn)
Comestibles
 c - 2 bread rations
 f - an apple
 l - a choko
 n - a meat ration
Scrolls
 e - a scroll of blinking {unknown}
 g - a scroll of amnesia {unknown}
 j - a scroll of teleportation {unknown}
 k - 2 scrolls of noise {unknown}
 m - a scroll of fog {unknown}
 o - a scroll of enchant weapon II {unknown}
 p - 4 scrolls of identify {unknown}
 q - a scroll of enchant weapon I {unknown}
 r - a scroll of recharging {unknown}
 s - a scroll of curse armour {unknown}
 w - a scroll of enchant armour {unknown}
Potions
 d - a potion of cure mutation {unknown}
 h - a potion of might
 t - a potion of degeneration {unknown}
 u - a potion of heal wounds {unknown}
 v - a potion of curing {unknown}
Books
 b - a book of Flames

   Spells                             Type                      Level
   *Flame Tongue                      Conjuration/Fire             1
   Throw Flame                        Conjuration/Fire             2
   Conjure Flame                      Conjuration/Fire             3
   Inner Flame                        Hexes/Fire                   3
   Sticky Flame                       Conjuration/Fire             4
   Fireball                           Conjuration/Fire             5


   Skills:
 - Level 2.1 Dodging
 - Level 2.0 Stealth
 + Level 1.8 Spellcasting
 * Level 4.2 Conjurations
 + Level 4.2 Fire Magic


You had 5 spell levels left.
You knew the following spells:

 Your Spells              Type           Power        Failure   Level  Hunger
a - Flame Tongue          Conj/Fire      ###..        4%          1    ##.....


Dungeon Overview and Level Annotations

Branches:
Dungeon (3/27)

Altars:

Annotations:
D:3 Crazy Yiuf


Innate Abilities, Weirdness & Mutations

You have a beak for a mouth.
You have claws for feet.


Message History

Press: ? - help, Shift-Dir - straight line, f/p - Crazy Yiuf
Aim: Crazy Yiuf, wielding a quarterstaff of chaos and wearing a cloak (moderately wounded)
The flame hits Crazy Yiuf.
Crazy Yiuf is moderately wounded.
Crazy Yiuf hits you with a quarterstaff of chaos!
Ouch! That really hurt!
You are poisoned.
Casting: Flame Tongue
Confirm with . or Enter, or press ? or * to list all spells.
Aiming: Flame Tongue
Press: ? - help, Shift-Dir - straight line, f/p - Crazy Yiuf
Aim: Crazy Yiuf, wielding a quarterstaff of chaos and wearing a cloak (moderately wounded)
The flame hits Crazy Yiuf.
Crazy Yiuf is almost dead.
You feel sick.
Crazy Yiuf grits, "Mugger!
Flower illywillydillykilly hand."
Crazy Yiuf hits you with a quarterstaff of chaos.
* * * LOW HITPOINT WARNING * * *
You are electrocuted!
You die...

................)#.##..#.####.###
...........................<....#
.................#.##.#..#..#.#..
.................#.#..#..#..#.#..
.......################..#..#.#..
.......# ♣♣♣♣♣♣##..#..#.#..
.......# ♣♣♣♣♣♣♣♣##..##.#.#..
.......# #♣♣♣.♣...#.....#.#..
.......# #♣g@♣......#####.#.#
.......# #.....♣♣♣♣...........#..
....)..# #)..#♣♣♣♣♣♣..#.#########
.......# ### ♣♣♣♣##..........
.......# ♣♣♣####........ .......#
######### .......#########
.................
.................


You could see Crazy Yiuf.

Vanquished Creatures
  Jessica (D:3)
  3 adders (D:2)
  4 giant geckos
  An ooze (D:2)
  An orc (D:3)
  2 giant cockroaches
  8 hobgoblins
  6 jackals
  5 kobolds
  A quokka (D:3)
  A ball python (D:2)
  7 bats
  5 goblins
  11 rats
56 creatures vanquished.

Notes
Turn   | Place    | Note
--------------------------------------------------------------
     0 | D:1      | Kae, the Tengu Fire Elementalist, began the quest for the Orb.
     0 | D:1      | Reached XP level 1. HP: 10/10 MP: 3/3
   258 | D:1      | Reached XP level 2. HP: 10/15 MP: 1/5
  1209 | D:1      | Reached XP level 3. HP: 19/19 MP: 3/6
  1894 | D:2      | Reached skill level 4 in Fire Magic
  1940 | D:2      | Reached XP level 4. HP: 20/24 MP: 0/8
  2893 | D:3      | Noticed Jessica
  2900 | D:3      | Killed Jessica
  3101 | D:3      | Noticed Crazy Yiuf
  3109 | D:3      | Slain by Crazy Yiuf

Action                   |  1- 3 |  4- 6 || total
-------------------------+-------+-------++-------
Melee: Unarmed           |    42 |    15 ||    57
Throw: Dart              |       |     3 ||     3
 Cast: Flame Tongue      |    62 |    36 ||    98
  Use: Potion            |     3 |       ||     3
